[Event "Team 45 45 League T55"]
[Site "Internet Chess Club"]
[Date "2012.11.25"]
[Round "2"]
[White "sockmonkey"]
[Black "Conjurer"]
[Result "0-1"]
[WhiteElo "1449"]
[BlackElo "1526"]
[Opening "Torre attack (Tartakower variation)"]
[ECO "D03"]
[Time "12:58:20"]
[TimeControl "2700+45"]

1. d4 Nf6 2. Nf3 d5 3. Bg5 Nc6 4. c3 Bf5 5. e3 Qd7 6. Nbd2 e6 7. Bb5 Be7 8. Ne5
Qd6 9. Nxc6 bxc6 10. Bf4 Qd7 11. Be2 O-O 12. O-O Rab8 13. Rb1 Bxb1 14. Qxb1 c5
15. Qc2 Rb6 16. Nb3 c4 17. Nc5 Bxc5 18. dxc5 Rb7 19. Rd1 Qb5 20. b3 Qxc5 21.
bxc4 Rfb8 22. Qd3 Qxc4 23. Qxc4 dxc4 24. Bxc4 h6 25. h4 Ne4 26. Rd7 Rb1+ 27. Bf1
R8b2 28. Bg3 Nd2 {White resigns} 0-1

[Event "Team 45 45 League T55"]
[Site "Internet Chess Club"]
[Date "2012.11.21"]
[Round "2"]
[White "guyd52"]
[Black "Aquaman"]
[Result "0-1"]
[WhiteElo "1304"]
[BlackElo "1324"]
[Opening "Réti opening"]
[ECO "A05"]
[Time "20:00:34"]
[TimeControl "2700+45"]

1. Nf3 Nf6 2. g3 d6 3. Bg2 e5 4. d3 Be7 5. O-O O-O 6. Nbd2 c6 7. e4 Bg4 8. b3
Qd7 9. a4 Bh3 10. Ba3 Bxg2 11. Kxg2 a5 12. Nc4 Qd8 13. Qd2 c5 14. c3 Nc6 15.
Rfb1 h6 16. Qc2 Nh7 17. b4 axb4 18. cxb4 cxb4 19. Bxb4 Nxb4 20. Rxb4 d5 21. Rxb7
dxc4 22. Qxc4 Rc8 23. Qb3 Bf6 24. a5 Ra8 25. Rb5 Rb8 26. a6 Rxb5 27. Qxb5 Qb8
28. Qc4 Qa7 29. Ra5 Rb8 30. Nxe5 Bxe5 31. Rxe5 Nf6 32. Rf5 Rb6 33. e5 Ne8 34.
Qc8 Rb8 35. Qc4 Kf8 36. d4 g6 37. Rf4 Rb6 38. Qc5+ Kg7 39. Rxf7+ Kxf7 40. d5
Rxa6 41. e6+ Kg7 42. Qc3+ Kh7 43. Qf3 Nd6 44. Qf6 Ra2 45. h4 Ne4 46. Qf7+ Qxf7
47. exf7 Kg7 48. Kf3 Nd6 49. Kf4 Kxf7 50. Ke5 Ke7 51. f4 Re2+ 52. Kd4 Nf5+ 53.
Kc5 Nd6 54. Kd4 Rg2 55. Ke5 Rxg3 56. f5 gxf5 57. h5 f4 58. Kxf4 Rg5 59. Ke3 Rxh5
60. Kd4 Rg5 61. Kc5 h5 62. Kd4 h4 63. Ke3 h3 64. Kf4 Rg7 65. Ke3 h2 66. Kd4 h1=Q
67. Kc5 Qc1+ 68. Kb6 Rg2 69. Ka6 Rb2 70. Ka7 Qa1# {White checkmated} 0-1

[Event "Team 45 45 League T55"]
[Site "Internet Chess Club"]
[Date "2012.11.24"]
[Round "2"]
[White "semperfi"]
[Black "WilmaP"]
[Result "1-0"]
[WhiteElo "1377"]
[BlackElo "1027"]
[Opening "Queen's pawn game"]
[ECO "D02"]
[Time "13:30:31"]
[TimeControl "2700+45"]

1. d4 d5 2. Nf3 c6 3. e3 Bf5 4. Bd3 Bxd3 5. Qxd3 e6 6. O-O Nf6 7. Nbd2 Bd6 8. e4
Ng4 9. e5 Bc7 10. Nb3 f6 11. h3 fxe5 12. dxe5 Nxe5 13. Nxe5 Bxe5 14. Qe2 Qd6 15.
f4 Bf6 16. Re1 Ke7 17. c3 Bh4 18. Rf1 Rf8 19. Be3 Nd7 20. Bd4 Rf5 21. Qg4 Bf6
22. Rae1 g6 23. Qf3 Rf8 24. g4 Bxd4+ 25. Nxd4 Rxf4 26. Qe2 Rxf1+ 27. Rxf1 Rxf1+
28. Qxf1 Qg3+ 29. Qg2 Qxg2+ 30. Kxg2 Ne5 31. Kg3 Nd3 32. b4 e5 33. Nf3 Ke6 34.
Ng5+ Kd6 35. Nxh7 e4 36. Ng5 e3 37. Nf3 b6 38. Ng1 a5 39. a3 a4 40. Kf3 d4 41.
cxd4 g5 42. Kxe3 Ne1 43. Kd2 Ng2 44. Nf3 Kd5 45. Kc3 Ne3 46. Nxg5 Nc4 47. h4
Nxa3 48. h5 Nc4 49. h6 a3 50. Kb3 Kxd4 51. h7 Ne5 52. h8=Q Kd5 53. Qd8+ Nd7 54.
Qxd7+ Ke5 55. Qe6+ Kf4 56. Qf5+ Kg3 57. Qf3+ Kh4 58. Nf7 c5 59. g5 c4+ 60. Kxa3
b5 61. g6 c3 62. Qxc3 Kh5 63. g7 Kg6 64. g8=Q+ Kh5 65. Qh3# {Black checkmated}
1-0

[Event "Team 45 45 League T55"]
[Site "Internet Chess Club"]
[Date "2012.11.23"]
[Round "2"]
[White "wekabird"]
[Black "RobertBuice"]
[Result "0-1"]
[WhiteElo "1131"]
[BlackElo "1115"]
[Opening "English: Mikenas-Carls, Kevitz variation"]
[ECO "A18"]
[Time "18:00:09"]
[TimeControl "2700+45"]

1. c4 Nf6 2. Nc3 e6 3. e4 Nc6 4. d3 Bb4 5. h3 O-O 6. a3 Bxc3+ 7. bxc3 d5 8. e5
Nxe5 9. Bf4 Nfd7 10. d4 Nxc4 11. Bxc4 dxc4 12. Nf3 b5 13. O-O Bb7 14. Re1 c5 15.
Ne5 cxd4 16. cxd4 Nxe5 17. Rxe5 a6 18. Rg5 g6 19. Rg3 Rc8 20. Bh6 Re8 21. Qg4 f5
22. Qf4 Qf6 23. Bg5 Qg7 24. Re1 c3 25. Rxc3 Rxc3 26. Rc1 Rxc1+ 27. Qxc1 Qxd4 28.
Bh6 Rd8 29. Qc7 Qd1+ 30. Kh2 Qd6+ 31. Qxd6 Rxd6 32. Bf4 Rd3 33. Bc1 Rc3 34. Be3
Rxa3 35. Bc5 Rc3 36. Bb6 b4 37. Ba5 Rc4 38. Kg1 b3 39. Bd8 b2 {White resigns}
0-1

[Event "Team 45 45 League T55"]
[Site "Internet Chess Club"]
[Date "2012.11.22"]
[Round "2"]
[White "ScotchYeti"]
[Black "zap2"]
[Result "1/2-1/2"]
[WhiteElo "1694"]
[BlackElo "1851"]
[Opening "Caro-Kann: Panov-Botvinnik attack, 5...e6"]
[ECO "B14"]
[Time "15:30:15"]
[TimeControl "2700+45"]

1. e4 c6 2. d4 d5 3. exd5 cxd5 4. c4 Nf6 5. Nc3 e6 6. Nf3 Nc6 7. c5 g6 8. Bb5
Bg7 9. O-O Bd7 10. Re1 O-O 11. Bg5 h6 12. Bf4 Ne8 13. Bxc6 bxc6 14. Qd2 Kh7 15.
Ne5 f6 16. Nxd7 Qxd7 17. Qe2 Nc7 18. Qd3 Rfe8 19. Be3 e5 20. f3 exd4 21. Bxd4
Ne6 22. Bf2 f5 23. Rab1 Bf6 24. b4 Qg7 25. Ne2 Rab8 26. Bg3 f4 27. Nxf4 Nxf4 28.
Bxf4 Rxe1+ 29. Rxe1 Rxb4 30. Bd6 Rb7 31. a4 Bc3 32. Re2 Qd4+ 33. Qxd4 Bxd4+ 34.
Kf1 Rb1+ 35. Re1 Rxe1+ 36. Kxe1 Kg7 37. Ke2 Kf7 38. f4 Ke6 39. g4 h5 40. h3 a6
41. Kd3 Bf2 42. Ke2 Bg1 43. Kd3 Bf2 44. Bf8 Bg3 45. Bd6 Be1 46. Bc7 hxg4 47.
hxg4 Bb4 48. Bd6 Ba5 49. Be5 Bd8 50. Bd4 Bh4 51. Be3 Bg3 52. Kd4 Kf6 53. Kd3 Ke6
54. Kd4 Bh4 55. Kd3 Be7 56. Bf2 Bf6 57. Be3 Bb2 58. Bf2 Bc1 59. Bg3 Kd7 60. Kd4
Ba3 61. Bf2 Bb4 62. Kd3 Ke6 63. Be3 Ba5 64. Kd4 Bd8 65. Kd3 Bf6 66. Bf2 Bg7 67.
Be3 Bb2 68. Bf2 Bc1 69. Bg3 Ba3 70. Bf2 Bb2 71. Be3 Bh8 72. Bf2 Bg7 73. Be3 Bh6
74. Kd4 Bf8 75. Kd3 Bg7 76. Bf2 {Game drawn by mutual agreement} 1/2-1/2

[Event "Team 45 45 League T55"]
[Site "Internet Chess Club"]
[Date "2012.11.24"]
[Round "2"]
[White "mongmong"]
[Black "elessar"]
[Result "1-0"]
[WhiteElo "1648"]
[BlackElo "1592"]
[Opening "Colle system"]
[ECO "D05"]
[Time "07:10:39"]
[TimeControl "2700+45"]

1. d4 d5 2. Nf3 Nf6 3. e3 e6 4. Bd3 c5 5. c3 Nc6 6. Nbd2 Be7 7. O-O O-O 8. dxc5
Bxc5 9. b4 Bd6 10. Bb2 e5 11. e4 Bg4 12. exd5 Nxd5 13. Nc4 Bxf3 14. Qxf3 Nf6 15.
Rad1 Qe7 16. Nxd6 g6 17. Ne4 Nxe4 18. Bxe4 f5 19. Bxc6 e4 20. Qe2 bxc6 21. a3
Qe6 22. c4 a5 23. c5 axb4 24. axb4 Ra2 25. Qd2 Qb3 26. Rb1 Qf7 27. Qd4 {Black
resigns} 1-0

[Event "Team 45 45 League T55"]
[Site "Internet Chess Club"]
[Date "2012.11.25"]
[Round "2"]
[White "Hal2001"]
[Black "Kravier"]
[Result "0-1"]
[WhiteElo "1634"]
[BlackElo "1644"]
[Opening "Caro-Kann: classical variation"]
[ECO "B18"]
[Time "21:01:45"]
[TimeControl "2700+45"]

1. e4 c6 2. d4 d5 3. Nc3 dxe4 4. Nxe4 Bf5 5. Ng3 Bg6 6. N1e2 Nd7 7. Nf4 e6 8.
Nxg6 hxg6 9. Bd3 Bd6 10. Qf3 Ngf6 11. Bg5 Qb6 12. O-O-O Qa5 13. Bxf6 Nxf6 14.
Kb1 Bxg3 15. Qxg3 O-O-O 16. c3 Rd5 17. Bc4 Rg5 18. Qf3 Qf5+ 19. Qxf5 gxf5 20. g3
Ng4 21. f4 Rgh5 22. Rd2 Rxh2 23. Rdxh2 Rxh2 24. Rxh2 Nxh2 25. Be2 f6 26. Kc2 g5
27. Kd2 gxf4 28. gxf4 Kd7 29. Ke3 Ng4+ 30. Kf3 Kd6 31. c4 e5 32. dxe5+ fxe5 33.
fxe5+ Kxe5 34. Bd3 Nf6 35. b3 Ne4 36. Bb1 Nd2+ {White resigns} 0-1

[Event "Team 45 45 League T55"]
[Site "Internet Chess Club"]
[Date "2012.11.24"]
[Round "2"]
[White "MinnArkie"]
[Black "cBishop"]
[Result "0-1"]
[WhiteElo "1564"]
[BlackElo "1586"]
[Opening "Sicilian: Canal-Sokolsky (Nimzovich-Rossolimo, Moscow) attack"]
[ECO "B51"]
[Time "10:00:17"]
[TimeControl "2700+45"]

1. e4 c5 2. Nf3 d6 3. Bb5+ Nc6 4. c4 a6 5. Ba4 Bd7 6. Nc3 e6 7. O-O Nf6 8. d4
cxd4 9. Nxd4 Nxd4 10. Bxd7+ Qxd7 11. Qxd4 Be7 12. Be3 O-O 13. Rad1 Ng4 14. Bf4
e5 15. Bxe5 Nxe5 16. Qxe5 Qe6 17. Qd4 Rac8 18. Nd5 Rfd8 19. b3 Kf8 20. Rd3 Qe5
21. Rfd1 Qxd4 22. Rxd4 Rc6 23. Nxe7 Kxe7 24. e5 g5 25. exd6+ Rdxd6 26. Rxd6 Rxd6
27. Rxd6 Kxd6 28. Kf1 Kc5 29. Ke2 Kd4 30. Kd2 f5 31. a3 h5 32. f3 a5 33. a4 f4
34. g3 h4 35. gxh4 gxh4 36. c5 h3 37. c6 bxc6 38. b4 axb4 39. a5 Kc5 40. a6 Kb6
41. Kd3 c5 {White resigns} 0-1

[Event "Team 45 45 League T55"]
[Site "Internet Chess Club"]
[Date "2012.11.25"]
[Round "2"]
[White "rayonline53"]
[Black "Grenadier"]
[Result "0-1"]
[WhiteElo "1505"]
[BlackElo "1704"]
[Opening "Queen's Pawn"]
[ECO "A41"]
[Time "09:01:14"]
[TimeControl "2700+45"]

1. d4 d6 2. Nf3 Nf6 3. g3 Bg4 4. Bg2 e6 5. O-O Nbd7 6. Nbd2 d5 7. Re1 c5 8. c3
cxd4 9. cxd4 Bb4 10. Qb3 Qb6 11. a3 Bd6 12. Qxb6 Nxb6 13. e4 dxe4 14. Nxe4 Nxe4
15. Rxe4 Bf5 16. Re1 O-O 17. Bd2 Nc4 18. Bc3 Rac8 19. Rac1 b5 20. Nd2 Nxa3 21.
Ne4 Nc4 22. Nxd6 Nxd6 23. Bb4 Rcd8 24. Rc6 Nc4 25. Bxf8 Kxf8 26. b4 Rxd4 27. Rc7
g5 28. Rxa7 Nb2 29. Rb7 Rxb4 30. Bc6 Bd3 31. Re5 Rc4 32. Rxg5 Rxc6 33. h4 Rc1+
34. Kh2 Be4 35. Rb8+ Ke7 36. Kh3 Nd3 37. Kg4 Nxf2+ 38. Kf4 Bd5 39. Rh5 h6 40.
Rxh6 Rc4+ 41. Kg5 Nh3+ {White resigns} 0-1

[Event "Team 45 45 League T55"]
[Site "Internet Chess Club"]
[Date "2012.11.25"]
[Round "2"]
[White "zepled37"]
[Black "nanning"]
[Result "1-0"]
[WhiteElo "1572"]
[BlackElo "1662"]
[Opening "Caro-Kann: Panov-Botvinnik attack"]
[ECO "B13"]
[Time "08:46:20"]
[TimeControl "2700+45"]

1. e4 c6 2. d4 d5 3. exd5 cxd5 4. c4 Nf6 5. Nc3 Bg4 6. Qb3 Nc6 7. cxd5 Nxd4 8.
Qa4+ Qd7 9. Qxd4 a6 10. Be2 Bxe2 11. Ngxe2 O-O-O 12. Qc5+ Kb8 13. Bf4+ Ka8 14.
Be3 b5 15. Qc6+ Qxc6 16. dxc6 Rc8 17. O-O e5 18. Rfd1 Rxc6 19. Rac1 Ng4 20. h3
Nxe3 21. fxe3 Bc5 22. Nd5 f5 23. b4 {Black resigns} 1-0

[Event "Team 45 45 League T55"]
[Site "Internet Chess Club"]
[Date "2012.11.24"]
[Round "2"]
[White "rom1"]
[Black "GoIrish"]
[Result "0-1"]
[WhiteElo "1557"]
[BlackElo "1583"]
[Opening "King's Indian: Andersson variation"]
[ECO "E92"]
[Time "06:30:10"]
[TimeControl "2700+45"]

1. d4 Nf6 2. c4 g6 3. Nc3 Bg7 4. e4 d6 5. Nf3 O-O 6. Be2 e5 7. dxe5 dxe5 8. Qxd8
Rxd8 9. Bg5 Re8 10. O-O-O Na6 11. Nd2 Nc5 12. f3 c6 13. Kc2 Ne6 14. Nb3 b6 15.
Be3 Nd7 16. Rd6 c5 17. g3 Bf8 18. Rd2 Nd4+ 19. Kb1 Bb7 20. Nb5 Red8 21. Nc7 Rac8
22. Nd5 Bxd5 23. Nxd4 Bxe4+ 24. Nc2 Bc6 25. Rf1 e4 26. Bf4 Nf6 27. Kc1 Rxd2 28.
Kxd2 Rd8+ 29. Ke3 exf3 30. Bxf3 Bxf3 31. Kxf3 h5 32. h3 Bd6 33. Re1 Bxf4 34.
Kxf4 Rd2 35. Rc1 Kg7 36. b4 Nd7 37. Ke3 Rd6 38. a3 Ne5 39. Ne1 Rd4 40. bxc5 bxc5
41. Ng2 Rxc4 42. Rb1 Rc3+ 43. Kf4 Nd3+ 44. Ke4 Rxa3 45. Rb7 Nf2+ 46. Kd5 Nxh3
47. Kxc5 Rxg3 48. Nh4 a5 49. Ra7 a4 50. Rxa4 Rg4 51. Rxg4 hxg4 52. Kd4 Kf6 53.
Ke4 Kg5 54. Ng2 f5+ 55. Ke3 f4+ 56. Kd2 f3 57. Ne3 g3 58. Ke1 g2 {White resigns}
0-1

[Event "Team 45 45 League T55"]
[Site "Internet Chess Club"]
[Date "2012.11.23"]
[Round "2"]
[White "BrerRabbit"]
[Black "oldsj"]
[Result "0-1"]
[WhiteElo "1448"]
[BlackElo "1622"]
[Opening "King's Indian: London system"]
[ECO "A48"]
[Time "19:02:13"]
[TimeControl "2700+45"]

1. d4 Nf6 2. Nf3 g6 3. Bf4 Bg7 4. e3 d6 5. h3 O-O 6. Bh2 c5 7. c3 b6 8. Be2 Bb7
9. Nbd2 Nbd7 10. O-O Ne4 11. Nxe4 Bxe4 12. Nd2 Bb7 13. Nf3 Rc8 14. Qb3 Nf6 15.
Qd1 cxd4 16. cxd4 Qd7 17. Rc1 b5 18. Rxc8 Rxc8 19. Nd2 a6 20. Bd3 Qe6 21. a3 Nd5
22. e4 Nf6 23. Re1 Qd7 24. Bf4 Ne8 25. Qe2 Bxd4 26. Nf3 Bg7 27. Qd2 Nc7 28. Rc1
Ne6 29. Be3 Nc5 30. Rc2 Nxe4 31. Bxe4 Bxe4 {White resigns} 0-1

[Event "Team 45 45 League T55"]
[Site "Internet Chess Club"]
[Date "2012.11.23"]
[Round "2"]
[White "fuzzface"]
[Black "PsyMar"]
[Result "0-1"]
[WhiteElo "1323"]
[BlackElo "1352"]
[Opening "Réti opening"]
[ECO "A05"]
[Time "10:00:09"]
[TimeControl "2700+45"]

1. Nf3 Nf6 2. e3 c5 3. c3 Nc6 4. d4 d5 5. Bb5 Qc7 6. Nbd2 Bg4 7. Qc2 e6 8. Ne5
Bf5 9. Qa4 Nd7 10. Ndf3 Rc8 11. Nxd7 Qxd7 12. Ne5 Qc7 13. O-O Bd6 14. Bxc6+ bxc6
15. Nf3 O-O 16. dxc5 Bxc5 17. Qf4 Bd6 18. Qh4 Bg6 19. Re1 Rb8 20. g3 Be4 21. Ng5
Bg6 22. e4 Be7 23. Bf4 e5 24. Be3 Qd7 25. Qh3 Qxh3 26. Nxh3 Rxb2 27. exd5 cxd5
28. f4 e4 29. Bxa7 Ra8 30. Bd4 Raxa2 31. Rxa2 Rxa2 32. Kh1 Bf5 33. Ng1 Rc2 34.
Nf3 h6 35. Nh4 Bh3 36. f5 Bxh4 37. gxh4 Bxf5 38. Rg1 g6 39. Rg2 Rc1+ 40. Rg1
Rxg1+ 41. Kxg1 Bg4 42. Kf2 f5 43. Kg3 Kf7 44. Kf4 Ke6 45. Kg3 g5 46. hxg5 hxg5
47. h3 Bh5 48. h4 f4+ 49. Kh3 g4+ 50. Kg2 Kf5 51. Kf2 g3+ 52. Kg2 Kg4 53. Bf6
f3+ 54. Kf1 e3 55. Bd4 e2+ 56. Ke1 Kxh4 57. Bg1 f2+ 58. Bxf2 gxf2+ 59. Kxf2 Kg5
60. Ke1 Kf5 61. Kd2 Ke4 62. Ke1 Kd3 63. c4 dxc4 64. Kf2 Kd2 {White resigns} 0-1

[Event "Team 45 45 League T55"]
[Site "Internet Chess Club"]
[Date "2012.11.26"]
[Round "2"]
[White "rgadoury"]
[Black "tamky70"]
[Result "1/2-1/2"]
[WhiteElo "1233"]
[BlackElo "1386"]
[Opening "Dutch: Leningrad, main variation with c6"]
[ECO "A88"]
[Time "19:30:11"]
[TimeControl "2700+45"]

1. d4 f5 2. g3 Nf6 3. Bg2 c6 4. Nf3 d6 5. O-O g6 6. c4 Bg7 7. Nc3 O-O 8. d5 Bd7
9. Re1 e5 10. dxe6 Bxe6 11. Qd3 Qc7 12. Ng5 Bf7 13. Bf4 Rd8 14. Qc2 Nbd7 15.
Rad1 Ne5 16. b3 h6 17. Nxf7 Kxf7 18. h3 Nh5 19. Be3 Kg8 20. Bf3 Nxf3+ 21. exf3
Nf6 22. h4 Qf7 23. Ne2 d5 24. c5 Re8 25. Bd4 Nd7 26. Bxg7 Kxg7 27. Nf4 Ne5 28.
Qc3 Qf6 29. Re3 Rad8 30. Rd4 Kh7 31. Nd3 Nd7 32. Rxe8 Rxe8 33. b4 Ne5 34. Nxe5
Qxe5 35. Kg2 Kg7 36. Rd3 Qxc3 37. Rxc3 Re7 38. Re3 Kf7 39. f4 Kf6 40. Kf3 a6 41.
Rxe7 Kxe7 42. Ke3 Kf6 43. f3 Ke6 44. Kd4 h5 45. Kd3 Kf6 46. Kd4 Ke6 {Game drawn
by mutual agreement} 1/2-1/2

[Event "Team 45 45 League T55"]
[Site "Internet Chess Club"]
[Date "2012.11.24"]
[Round "2"]
[White "wildangels"]
[Black "oldbookseller"]
[Result "1-0"]
[WhiteElo "1029"]
[BlackElo "1080"]
[Opening "Sicilian: Alapin's variation (2.c3)"]
[ECO "B22"]
[Time "13:00:40"]
[TimeControl "2700+45"]

1. e4 c5 2. c3 Nc6 3. Nf3 d6 4. Bb5 Bd7 5. d4 g6 6. d5 Ne5 7. Bxd7+ Nxd7 8. c4
Bg7 9. Nbd2 Ngf6 10. b3 O-O 11. Bb2 e5 12. O-O a6 13. Bc3 b5 14. Re1 b4 15. Bb2
a5 16. a4 Ne8 17. g3 f5 18. Nf1 f4 19. gxf4 Rxf4 20. Rb1 Rg4+ 21. Ng3 Nef6 22.
Bc1 Kh8 23. Kh1 Ng8 24. Rg1 Ndf6 25. Be3 Nh6 26. Ng5 Qe7 27. Ne6 Nh5 28. Nxh5
gxh5 29. Bxh6 Bxh6 30. Rxg4 hxg4 31. Qxg4 Rg8 32. Qh3 Qf7 33. Rg1 Bd2 34. Ng5
Qxf2 35. Nf7+ Qxf7 36. Qe6 Rxg1+ 37. Kxg1 Be3+ 38. Kg2 Qf2+ 39. Kh3 Qf3+ 40. Kh4
Qxe4+ 41. Kh3 Bf2 42. Qf6+ Kg8 43. Qxf2 Qd3+ 44. Qg3+ Qg6 45. Qg4 e4 46. Qc8+
Kg7 47. Qd7+ Kf6 48. Qxd6+ Kg5 49. Qe5+ Kh6 50. Qf4+ Kh5 51. d6 Qe6+ 52. Kg3
Qg8+ 53. Kf2 e3+ 54. Kxe3 Qe8+ 55. Qe4 Qg8 56. Qe5+ Kh4 57. Qe7+ Kh3 58. d7 Qg1+
59. Ke4 Qe1+ 60. Kd5 Qxe7 61. Kc6 Qe4+ 62. Kc7 Qe5+ 63. Kc6 Qe7 64. Kc7 Qe5+ 65.
Kc8 Qh8+ 66. d8=Q Qc3 67. Qd7+ Kxh2 68. Qd6+ Kg2 69. Qd5+ Kf1 70. Qf5+ Ke1 71.
Qe4+ Kd2 72. Qd5+ Kc2 73. Qxc5 Qh3+ 74. Kb7 Qxb3 75. Kb6 Qxa4 76. Qxa5 Qb3 77.
Kc5 Qe3+ 78. Kxb4 Qe7+ 79. c5 Qe4+ 80. Kb5 Qb7+ 81. Qb6 Qd7+ 82. c6 Qd3+ 83. Ka5
Qa3+ 84. Kb5 Kb3 85. Qe3+ Ka2 86. Qxa3+ Kxa3 87. c7 {Black resigns} 1-0

[Event "Team 45 45 League T55"]
[Site "Internet Chess Club"]
[Date "2012.11.25"]
[Round "2"]
[White "arconia"]
[Black "SeniorCitizen"]
[Result "1-0"]
[WhiteElo "1298"]
[BlackElo "1338"]
[Opening "French: Two knights variation"]
[ECO "C00"]
[Time "09:01:17"]
[TimeControl "2700+45"]

1. e4 e6 2. Nf3 d5 3. Nc3 dxe4 4. Nxe4 Nf6 5. Nxf6+ Qxf6 6. c3 Qd8 7. Be2 Be7 8.
O-O b6 9. d4 Bb7 10. Ne5 Nd7 11. Bb5 Bc8 12. Nc6 {Black resigns} 1-0

[Event "Team 45 45 League T55"]
[Site "Internet Chess Club"]
[Date "2012.11.26"]
[Round "2"]
[White "Sanjaya"]
[Black "Cicero"]
[Result "1/2-1/2"]
[WhiteElo "1166"]
[BlackElo "1261"]
[Opening "Trompowsky attack (Ruth, Opocenský opening)"]
[ECO "A45"]
[Time "14:00:28"]
[TimeControl "2700+45"]

1. d4 Nf6 2. Bg5 g6 3. Bxf6 exf6 4. c4 Bg7 5. e4 d6 6. Nc3 O-O 7. Qf3 Nd7 8. Bd3
Re8 9. Nge2 c5 10. dxc5 Ne5 11. Qe3 dxc5 12. O-O-O Qb6 13. Na4 Qb4 14. Nxc5 b6
15. a3 Qxc5 16. Qxc5 Nxd3+ 17. Rxd3 bxc5 18. Ng3 Rb8 19. f4 f5 20. e5 g5 21. Nh5
Re7 22. Rd8+ Bf8 23. Nf6+ Kg7 24. Nh5+ Kg8 25. Nf6+ Kg7 26. Nh5+ Kg8 27. Nf6+
{Game drawn by repetition} 1/2-1/2

[Event "Team 45 45 League T55"]
[Site "Internet Chess Club"]
[Date "2012.11.26"]
[Round "2"]
[White "Macovitski"]
[Black "BosqueVerde"]
[Result "1-0"]
[WhiteElo "1212"]
[BlackElo "1170"]
[Opening "Scotch opening"]
[ECO "C44"]
[Time "19:03:10"]
[TimeControl "2700+45"]

1. e4 e5 2. Nf3 Nc6 3. d4 Nf6 4. d5 Ne7 5. Nc3 d6 6. Bb5+ c6 7. dxc6 bxc6 8. Bc4
Bg4 9. h3 Bh5 10. O-O d5 11. exd5 cxd5 12. Bb5+ Nd7 13. Nxd5 Qa5 14. Bxd7+ Kxd7
15. Nb6+ Ke6 16. Nxa8 Nf5 17. Bd2 Qc5 18. c3 Be7 19. Qb3+ Kd7 20. Rad1 Kc6 21.
Qa4+ Kb7 22. Be3 Nxe3 23. Rd7+ Kxa8 24. b4 Qc4 25. Qxa7# {Black checkmated} 1-0

[Event "Team 45 45 League T55"]
[Site "Internet Chess Club"]
[Date "2012.11.25"]
[Round "2"]
[White "theartist"]
[Black "lawth3"]
[Result "0-1"]
[WhiteElo "1123"]
[BlackElo "1285"]
[Opening "Bogo-Indian defense, Grünfeld variation"]
[ECO "E11"]
[Time "14:01:58"]
[TimeControl "2700+45"]

1. d4 Nf6 2. c4 e6 3. Nf3 Bb4+ 4. Nbd2 Bxd2+ 5. Bxd2 Nc6 6. Bg5 d6 7. e3 h6 8.
Bh4 g5 9. Bg3 Nh5 10. Bd3 Qe7 11. Nd2 Nxg3 12. hxg3 Bd7 13. Qh5 O-O-O 14. Nf3 f5
15. O-O g4 16. Nd2 Be8 17. Qh4 Qg7 18. a3 e5 19. Nb3 e4 20. Be2 Ne7 21. f3 Ng6
22. Qg5 {White resigns} 0-1

[Event "Team 45 45 League T55"]
[Site "Internet Chess Club"]
[Date "2012.11.25"]
[Round "2"]
[White "DutchBird"]
[Black "room-matt"]
[Result "1-0"]
[WhiteElo "1414"]
[BlackElo "1818"]
[Opening "Bishop's opening/Petrov: Urusov gambit"]
[ECO "C24"]
[Time "08:03:40"]
[TimeControl "2700+45"]

1. e4 e5 2. Bc4 Nf6 3. d4 exd4 4. Nf3 Qe7 5. O-O Nc6 6. Na3 d6 7. Nxd4 Nxd4 8.
Qxd4 g6 9. Bg5 Bg7 10. Rae1 O-O 11. f4 h6 12. Bh4 Be6 13. c3 c5 14. Qd3 Rad8 15.
Qe2 Qd7 16. e5 dxe5 17. fxe5 Nd5 18. Bxd8 Rxd8 19. Nb5 a6 20. Nd6 Bxe5 21. Qxe5
Qxd6 22. Qxd6 Rxd6 23. Bxd5 Bxd5 24. Rd1 b5 25. b3 Kf8 26. c4 bxc4 27. bxc4 Bxc4
28. Rxd6 Bxf1 29. Kxf1 {Black resigns} 1-0

[Event "Team 45 45 League T55"]
[Site "Internet Chess Club"]
[Date "2012.11.27"]
[Round "2"]
[White "hondocando"]
[Black "Warpdrive"]
[Result "0-1"]
[WhiteElo "1597"]
[BlackElo "1766"]
[Opening "Caro-Kann: classical variation"]
[ECO "B18"]
[Time "21:00:27"]
[TimeControl "2700+45"]

1. e4 c6 2. d4 d5 3. Nc3 dxe4 4. Nxe4 Bf5 5. Ng3 Bg6 6. Nf3 e6 7. Bd3 Bd6 8. Be3
Nd7 9. Ne4 Bxe4 10. Bxe4 Ngf6 11. Bd3 Qc7 12. h3 Nd5 13. O-O h6 14. c4 Nxe3 15.
fxe3 Nf6 16. e4 Bg3 17. e5 Nh5 18. Nh2 Bxh2+ 19. Kxh2 g6 20. Qg4 O-O-O 21. Kh1
Rhf8 22. d5 Ng7 23. d6 Qb6 24. Rab1 Qe3 25. Qe2 Nf5 26. Qxe3 Nxe3 27. Rf3 Nf5
28. Rbf1 Rd7 29. g4 Nh4 30. Rf6 Kd8 31. Kh2 g5 32. Rxh6 f5 33. Rxe6 f4 34. c5 f3
35. Kg3 Rdf7 36. Be4 Rf4 37. Bf5 Nxf5+ 38. gxf5 R4xf5 39. b4 R8f7 40. Rf2 Kd7
41. Re7+ Rxe7 42. dxe7 Kxe7 43. Rxf3 Rxe5 44. Kg4 Re4+ 45. Kxg5 Rxb4 46. h4 Rd4
47. h5 Rd1 48. Kg6 Rg1+ 49. Kh7 b5 50. cxb6 axb6 51. Ra3 Kd6 52. h6 c5 53. Ra7
c4 54. Rg7 Rh1 55. Rg6+ Kc5 56. Kg8 c3 57. Rg2 Rxh6 58. Kg7 Rd6 {White resigns}
0-1

[Event "Team 45 45 League T55"]
[Site "Internet Chess Club"]
[Date "2012.11.24"]
[Round "2"]
[White "birk113"]
[Black "Signalman"]
[Result "1-0"]
[WhiteElo "1449"]
[BlackElo "1518"]
[Opening "Pirc defense"]
[ECO "B07"]
[Time "09:05:22"]
[TimeControl "2700+45"]

1. e4 d6 2. d4 Nf6 3. Nc3 Nbd7 4. f4 e5 5. Nf3 exd4 6. Nxd4 g6 7. Be3 Bg7 8. Bc4
O-O 9. Qf3 Re8 10. h3 Nc5 11. Bd3 c6 12. O-O a5 13. f5 Nxd3 14. cxd3 c5 15. Nc2
Rf8 16. d4 Qb6 17. Rab1 Bd7 18. dxc5 dxc5 19. Qf2 Rac8 20. g4 Qc7 21. Bf4 Qc6
22. Rfd1 Rcd8 23. e5 Ne4 24. Nxe4 Qxe4 25. Re1 Qd5 26. f6 Bc6 27. Qh2 Bh8 28. b3
c4 29. Ne3 Qd4 30. Red1 Qe4 31. Nxc4 Bb5 32. Nd6 Qc6 33. Nxb5 Qc5+ 34. Qf2 Qxb5
35. Rd2 Rxd2 36. Qxd2 Qc5+ 37. Kh2 Qb6 38. Rd1 Rc8 39. Be3 Qc7 40. Qd4 Kf8 41.
Qc5+ Ke8 42. Qxc7 Rxc7 43. Bb6 Rd7 44. Rc1 Rd2+ 45. Kg3 Kd7 46. Bxa5 Ke6 47.
Bxd2 Kxe5 48. Bc3+ Ke6 49. Re1+ Kd7 50. Re7+ Kc6 51. Rxf7 b5 52. Rxh7 {Black
resigns} 1-0

[Event "Team 45 45 League T55"]
[Site "Internet Chess Club"]
[Date "2012.11.24"]
[Round "2"]
[White "werty"]
[Black "PaulaR"]
[Result "1/2-1/2"]
[WhiteElo "1518"]
[BlackElo "1555"]
[Opening "Queen's pawn, Mason variation"]
[ECO "D00"]
[Time "14:30:16"]
[TimeControl "2700+45"]

1. d4 d5 2. Bf4 Nf6 3. e3 Bf5 4. Bd3 Bg6 5. Bxg6 hxg6 6. Nc3 e6 7. Qd3 Nbd7 8.
Nge2 Bd6 9. Bxd6 cxd6 10. O-O-O O-O 11. f4 Qb6 12. Qb5 Qxb5 13. Nxb5 Ne4 14.
Rdf1 Rfc8 15. Nbc3 Nef6 16. h4 Rc7 17. Ng3 Nh5 18. Nxh5 gxh5 19. Rf2 Nf6 20. g3
Rxc3 21. bxc3 Ne4 22. Rg2 f5 23. Kb2 Rc8 24. Rd1 Nxc3 25. Rd3 Na4+ 26. Kb3 Nb6
27. Rc3 Nc4 28. Rg1 Rc6 29. a3 Rb6+ 30. Ka4 Ra6+ 31. Kb4 Rb6+ 32. Ka4 Nb2+ 33.
Ka5 Nc4+ 34. Ka4 Nb2+ {Game drawn by mutual agreement} 1/2-1/2

[Event "Team 45 45 League T55"]
[Site "Internet Chess Club"]
[Date "2012.11.25"]
[Round "2"]
[White "Egmont"]
[Black "Zugzwanged"]
[Result "0-1"]
[WhiteElo "1721"]
[BlackElo "1693"]
[Opening "Petrov's defense"]
[ECO "C42"]
[Time "09:30:34"]
[TimeControl "2700+45"]

1. e4 e5 2. Nf3 Nf6 3. d3 Nc6 4. g3 Bc5 5. Bg2 d6 6. O-O O-O 7. Be3 Bb6 8. Qe2
h6 9. Nc3 Be6 10. Rfd1 Nd4 11. Bxd4 Bxd4 12. Nxd4 exd4 13. Nb5 c5 14. e5 dxe5
15. Qxe5 Qb6 16. Nc7 Rab8 17. Nxe6 fxe6 18. Bh3 Rbe8 19. Re1 Nd7 20. Bxe6+ Kh8
21. Qd5 Nf6 22. Qb3 Qd6 23. Bh3 b6 24. Rxe8 Rxe8 25. Qf7 Re2 26. Bf1 Re8 27. Bg2
Qe5 28. Bc6 Re7 29. Qg6 Qe2 30. Qf5 Qxc2 31. Qc8+ Kh7 32. Qd8 Qe2 33. Rf1 Qe5
34. Qa8 Qe2 35. Qf8 Qe6 36. Bf3 Re8 {White resigns} 0-1